 Dungeon Crawl Stone Soup version 0.17.0-26-gececa24 (webtiles) character file.

227 kosy22 the Ducker (level 5, 0/53 HPs)
             Began as a Troll Fighter on Nov 20, 2015.
             Succumbed to an orc wizard's poison
             ... on level 3 of the Dungeon.
             The game lasted 00:07:31 (2185 turns).

kosy22 the Ducker (Troll Fighter)                   Turns: 2185, Time: 00:07:31

Health: 0/53       AC:  5    Str: 25    XL:     5   Next: 70%
Magic:  4/4        EV:  9    Int:  4    God:
Gold:   131        SH:  9    Dex:  9    Spells: 0 memorised, 4 levels left

rFire  . . .     SeeInvis .       - Unarmed
rCold  . . .     Clarity  .     a - +0 robe
rNeg   . . .     SustAt   .     b - +0 shield
rPois  .         Gourm    +     (helmet restricted)
rElec  .         Spirit   .     (no cloak)
rCorr  .         Warding  .     (gloves unavailable)
rMut   .         Stasis   .     (boots unavailable)
MR     .....                    (no amulet)
Stlth  +.........               (no ring)
                                (no ring)

@: lethally poisoned (0 -> -11), not resistant to hostile enchantments, very
unstealthy
A: unfitting armour, claws 3, fast metabolism 3, gourmand, regeneration 2,
shaggy fur 1, tough skin 2
a: no special abilities


You were on level 3 of the Dungeon.
You were very full.

You visited 1 branch of the dungeon, and saw 3 of its levels.

You collected 131 gold pieces.

Inventory:

Missiles
 l - 14 poisoned needles
Armour
 a - a +0 robe (worn)
 b - a +0 shield (worn)
Scrolls
 e - a scroll of identify
 f - a scroll of enchant weapon
 h - a scroll of blinking {unknown}
 k - a scroll of random uselessness {unknown}
 q - a scroll of teleportation {unknown}
Potions
 c - a potion of might
 i - a potion of heal wounds {unknown}
 j - a potion of ambrosia {unknown}
 m - a potion of flight {unknown}
 n - a potion of mutation {unknown}
 o - a potion of agility
 p - a potion of brilliance {unknown}
Comestibles
 d - 2 bread rations
 g - a meat ration
 r - a chunk of flesh


   Skills:
 + Level 3.0 Fighting
 + Level 4.0 Dodging
 + Level 0.2 Stealth
 + Level 3.3 Shields
 + Level 2.9 Unarmed Combat


You had 4 spell levels left.
You didn't know any spells.

Dungeon Overview and Level Annotations

Branches:
Dungeon (3/15)

Altars:


Innate Abilities, Weirdness & Mutations

You are too large for most types of armour.
You have claws for hands.
Your metabolism is lightning-fast.
You like to eat raw meat.
You heal very quickly.
You are covered in fur (AC +1).
You have very tough skin (AC +2).


Message History

You feel sick.
The orc wizard casts a spell.
The orc wizard seems to speed up.
* * * LOW HITPOINT WARNING * * *
You feel sick.
* * * LOW HITPOINT WARNING * * *
You feel sick. You block the adder's attack.
* * * LOW HITPOINT WARNING * * *
You feel sick.
* * * LOW HITPOINT WARNING * * *
You feel sick.
The orc throws a tomahawk.
You block the tomahawk.
You see here a tomahawk.
* * * LOW HITPOINT WARNING * * *
You feel sick.
* * * LOW HITPOINT WARNING * * *
You feel sick.
The orc wizard hits you with a dagger of venom.
* * * LOW HITPOINT WARNING * * *
You are more poisoned.
You die...

...†$........##.(#...............
..............#..............####
......).....[.............#..#
...............##.........#.##
..............##............#
##.#................#......##
##.#.........oo...........##
.....[)......Sl....#......#
....)(#.......##@.##......##
....((<.#######....#.##....#
.......## ##....#.##....#
........######.....#.##....#
.##.#..(.........^.#.##....###
###....##....#.##.............# #
###..##...##.##.##.........## #
##....#.##.##.##.##....### #
#..###....##....##.......


You could see an orc wizard, an adder, an orc and a giant newt.

Vanquished Creatures
  An orc priest (D:3)
  Ijyb (D:3)
  Natasha (D:2)
  An orc wizard (D:3)
  6 adders
  A worm (D:2)
  A giant gecko (D:2)
  An orc (D:3)
  A ball python (D:3)
  3 giant cockroaches (D:2)
  11 goblins
  5 hobgoblins
  5 jackals
  8 kobolds
  10 bats
  7 giant newts
  2 quokkas
  5 rats
70 creatures vanquished.

Vanquished Creatures (others)
  A kobold (D:3)
1 creature vanquished.

Grand Total: 71 creatures vanquished

Notes
Turn   | Place    | Note
--------------------------------------------------------------
     0 | D:1      | kosy22 the Troll Fighter began the quest for the Orb.
     0 | D:1      | Reached XP level 1. HP: 22/22 MP: 0/0
   210 | D:1      | Reached XP level 2. HP: 29/29 MP: 1/1
   931 | D:2      | Reached XP level 3. HP: 33/36 MP: 2/2
  1121 | D:2      | Reached skill level 3 in Dodging
  1193 | D:2      | Noticed Natasha
  1202 | D:2      | Killed Natasha
  1202 | D:2      | Reached XP level 4. HP: 30/44 MP: 3/3
  2026 | D:3      | Noticed Ijyb
  2044 | D:3      | Killed Ijyb
  2044 | D:3      | Reached XP level 5. HP: 50/52 MP: 4/4
  2168 | D:3      | Reached skill level 4 in Dodging
  2184 | D:3      | HP: 2/53 [orc wizard/dagger of venom (2)]
  2185 | D:3      | Succumbed to an orc wizard's poison

Action                   |  1- 3 |  4- 6 || total
-------------------------+-------+-------++-------
Melee: Unarmed           |   137 |   132 ||   269
  Use: Scroll            |       |     2 ||     2
  Eat: Chunk             |     9 |    12 ||    21
       Bread ration      |       |     1 ||     1
